AoeStats
← [CL] Al3jandr0.magn00

MegaRandom

507190295Analyzed
4v4 RM · 14d ago on Sep 17, 2026· 38m 59s· 8 players
Game mode
Random Map
Map size
Large (8 player)
Population
200
Speed
Normal
Resources
Standard
Victory
Conquest
Starting age
Dark Age
Ending age
Imperial Age
RankedLock teamsTeams togetherTeam positionsShared explorationLock speedFull tech treeHidden civsTurbo modeCheats
Victory
Defeat
🇦🇷 Franks · Argentina
1720
+12
🇦🇷 Koreans · Argentina
1677
+14
🇦🇷 Dravidians · Argentina
1545
+19
🇦🇷 Cumans · Argentina
1423
+25
🇧🇪 Saracens · Belgium
1663
-19
🇨🇳 Byzantines · China
1627
-18
🇷🇴 Slavs · Romania
1616
-17
🇦🇷 Spanish · Argentina
1586
-16
FromEast
11:33 Feudal Age
10:57 Loom
12:12 Double-Bit Axe
15:08 Forging
14:56 Fishing Lines
18:40 Castle Age
17:48 Scale Barding Armor
21:37 Horse Collar
24:37 Husbandry
27:10 Fletching
28:01 Bodkin Arrow
31:11 Wheelbarrow
33:17 Imperial Age
31:30 Guard Tower
32:33 Bloodlines
33:13 Ballistics
35:38 Keep
35:46 Bracer
36:50 Chain Barding Armor
36:49 Heavy Plow
37:14 Heavy Camel Rider
洛莉
10:37 Feudal Age
14:20 Loom
16:52 Fletching
21:10 Castle Age
22:05 Medium Warships
28:34 Imperial Age
28:01 Double-Bit Axe
29:20 Ballistics
29:08 Crossbowman
31:04 Bodkin Arrow
32:59 Gold Mining
33:17 Bracer
35:43 Thumb Ring
37:46 Chemistry
Kirtap
10:09 Feudal Age
10:19 Loom
14:13 Double-Bit Axe
20:19 Castle Age
19:00 Town Watch
19:18 Fletching
21:13 Bow Saw
21:08 Bodkin Arrow
26:43 Sanctity
28:19 Redemption
34:39 Wheelbarrow
37:31 Imperial Age
36:28 Guard Tower
Chim cu đi tắm
6:47 Loom
9:04 Feudal Age
10:05 Double-Bit Axe
10:33 Horse Collar
15:21 Forging
15:43 Scale Barding Armor
19:55 Castle Age
19:20 Bloodlines
19:03 Gold Mining
20:57 Wheelbarrow
20:56 Chain Barding Armor
21:37 Bow Saw
21:28 Heavy Plow
22:53 Iron Casting
23:23 Heavy Plow
31:47 Imperial Age
31:01 Medium Warships
31:29 Hand Cart
31:36 Fletching
32:59 Heavy Warships
32:52 Clinker Construction
32:53 Careening
33:45 Chemistry
37:05 Two-Man Saw
36:44 Elite Cannon Galleon
38:25 Ballistics
__35_Kingpin_Arg
0:59 Loom
10:41 Feudal Age
11:20 Double-Bit Axe
14:47 Fletching
16:29 Fishing Lines
22:20 Castle Age
21:43 Wheelbarrow
21:31 Gold Mining
21:40 Horse Collar
22:20 Stone Mining
23:29 Medium Warships
26:49 Gillnets
27:51 Bow Saw
31:41 Bodkin Arrow
35:22 Heavy Plow
35:53 Hand Cart
37:21 Ballistics
38:12 Thumb Ring
41:29 Imperial Age
__72_KaN_Arg
8:20 Loom
10:37 Feudal Age
14:30 Castle Age
12:43 Double-Bit Axe
23:39 Squires
23:40 Scale Mail Armor
25:38 Wheelbarrow
24:34 Pikeman
25:29 Chain Mail Armor
25:59 Forging
27:37 Chain Mail Armor
31:39 Scale Barding Armor
32:36 Stone Mining
32:36 Gold Mining
33:03 Husbandry
33:24 Chain Barding Armor
33:42 Town Watch
37:18 Imperial Age
36:34 Gold Shaft Mining
37:51 Cavalier
40:04 Plate Barding Armor
[CL] Al3jandr0.magn00
10:59 Feudal Age
9:15 Loom
11:05 Feudal Age
12:06 Double-Bit Axe
15:29 Fletching
19:47 Castle Age
20:45 Medium Warships
20:25 Town Watch
27:57 Wheelbarrow
30:54 Horse Collar
32:45 Bodkin Arrow
40:37 Imperial Age
__48_Willow_Arg
0:28 Loom
11:01 Feudal Age
17:21 Castle Age
16:04 Double-Bit Axe
20:29 Horse Collar
21:47 Heavy Plow
23:33 Gold Mining
26:05 Scale Barding Armor
27:34 Wheelbarrow
28:11 Forging
28:26 Chain Barding Armor
29:02 Town Watch
30:53 Hand Cart
30:50 Forging
32:24 Bloodlines
35:59 Stone Mining
36:45 Iron Casting
Connection lost

Rejoining the realm…

Still unreachable

The connection could not be restored.

Session expired

The server has moved on; the page needs a fresh start.